 Dungeon Crawl Stone Soup version 0.23.2-40-g277498a (webtiles) character file.

Game seed: 10330572037264282372

595 CrazyJ the Caller (level 7, -8/51 HPs)
             Began as a Yellow Draconian Summoner on Sept 15, 2019.
             Was an Initiate of Hepliaklqana.
             Mangled by an orc wizard
             ... wielding a +0 dagger of electrocution
              (13 damage)
             ... on level 5 of the Dungeon.
             The game lasted 00:32:53 (6482 turns).

CrazyJ the Caller (Yellow Draconian Summoner)       Turns: 6482, Time: 00:32:53

Health: -8/51      AC:  7    Str: 11    XL:     7   Next: 17%
Magic:  7/11       EV: 13    Int: 17    God:    Hepliaklqana [......]
Gold:   245        SH:  0    Dex: 11    Spells: 3/12 levels left

rFire    . . .     SeeInvis .   C - +0 spear
rCold    . . .     Gourm    +   (no shield)
rNeg     . . .     Faith    .   (armour unavailable)
rPois    .         Spirit   .   (helmet restricted)
rElec    .         Reflect  .   (no cloak)
rCorr    +         Harm     .   (no gloves)
MR       .....                  z - +0 pair of boots
Stlth    ++........             w - amulet of the gourmand
HPRegen  0.17/turn              (no ring)
MPRegen  0.12/turn              (no ring)

@: no status effects
A: spit acid, unfitting armour, reduced essence, cold-blooded, acid resistance,
AC +6
a: Breathe Acid, Recall Ancestor, Ancestor Identity, Renounce Religion


You were on level 5 of the Dungeon.
You worshipped Hepliaklqana.
Hepliaklqana was noncommittal.
You were not hungry.

You visited 2 branches of the dungeon, and saw 6 of its levels.

You collected 245 gold pieces.

Inventory:

Hand Weapons
 f - a +0 dagger
 h - a +0 club
 m - a +0 mace
 C - a +0 spear (weapon)
Missiles
 p - 151 stones (quivered)
 q - 71 sling bullets
 y - 24 poisoned needles
Armour
 j - a +0 buckler
 z - a +0 pair of boots (worn)
Jewellery
 v - an uncursed ring of attention
 w - an amulet of the gourmand (around neck)
Wands
 l - a wand of random effects (14)
 s - a wand of iceblast (10)
 x - a wand of acid (17)
 E - a wand of flame (20)
Scrolls
 c - 7 scrolls of teleportation
 d - 2 scrolls of enchant armour {unknown}
 e - a scroll of noise
 i - a scroll of fear {unknown}
 n - 2 scrolls of remove curse
 o - a scroll of immolation {unknown}
 r - a scroll of blinking {unknown}
 t - 6 scrolls of identify
 B - 2 scrolls of magic mapping {unknown}
Potions
 a - a potion of invisibility {unknown}
 g - a potion of lignification {unknown}
 k - a potion of degeneration {unknown}
 u - 3 potions of flight {unknown}
 A - a potion of brilliance {unknown}
 D - a potion of curing
 F - a potion of heal wounds {unknown}
Comestibles
 b - 7 rations


   Skills:
 + Level 3.0 Fighting
 + Level 3.2 Dodging
 - Level 1.8 Stealth
 + Level 2.4 Shields
 + Level 3.2 Spellcasting
 + Level 1.3 Hexes
 * Level 6.1 Summonings


You had 3 spell levels left.
You knew the following spells:

 Your Spells              Type           Power        Failure   Level  Hunger
a - Summon Small Mammal   Summ           ###.         1%          1    None
b - Call Imp              Summ           ###.....     1%          2    ##.....
c - Call Canine Familiar  Summ           ###.....     4%          3    ###....
d - Summon Guardian Gole  Hex/Summ       ###.....     11%         3    ###....

Your spell library contained the following spells:

 Spells                   Type           Power        Failure   Level  Hunger
 Summon Ice Beast         Ice/Summ       ##......     43%         4    ####...
 Summon Lightning Spire   Summ/Air       ##......     43%         4    ####...


Dungeon Overview and Level Annotations

Branches:
Dungeon (5/15)             Temple (1/1) D:5

Altars:
Ashenzari
Cheibriados
Dithmenos
Fedhas
Gozag
Hepliaklqana
Kikubaaqudgha
Makhleb
Okawaru
Ru
Sif Muna
Trog
Uskayaw
Vehumet
Wu Jian
Xom
Yredelemnul
The Shining One

Annotations:
D:5 3 runed translucent doors, MollyMolluskus's ghost, novice OpFi; cstieg1's ghost, amateur HOFi


Innate Abilities, Weirdness & Mutations

You can spit globs of acid.
Your golden yellow scales are hard. (AC +6)
You cannot fit into any form of body armour.
You are cold-blooded and may be slowed by cold attacks.
You are resistant to acid. (rCorr)
Your life essence is reduced to manifest your ancestor. (-10% HP)


Message History

Confirm with . or Enter, or press ? or * to list all spells.
The orc barely misses you.
Shunnar barely misses the shadow imp.
The orc wizard hits you with a +0 dagger of electrocution.
You are electrocuted!!
* * * LOW HITPOINT WARNING * * *
The shadow imp closely misses you.
Okay, then.
You feel better.
Your crimson imp disappears in a puff of smoke!
The orc misses you.
Shunnar hits the shadow imp but does no damage.
Your hound closely misses the orc wizard.
The orc wizard misses you. The shadow imp hits you.
* * * LOW HITPOINT WARNING * * *
Your hound closely misses the orc wizard.
Shunnar barely misses the shadow imp.
The orc wizard hits you with a +0 dagger of electrocution.
* * * LOW HITPOINT WARNING * * *
You are electrocuted!
You die...

..#....#[.....#.##..............#
....#..#♣.....+.#.##............#
..#.# .#⌠.....+......#...........
..#..# #♣.....+....#.###...#.#...
..# .# ?....(#....#.####..####..
### .. #8...W#......#.##..# #...
.l ##/♣⌠♣#.......>....####..
....######....#..#.....##...
$.....ho@..#####...#.....
.......o....# #....#..#..
.#.....5R#.## #....#..##.
#.......### #....#.###.
##..#..... ##.#....##.
#.###o....# ###...#### ...
..##.## ##.## .(. ..$ .# ### >.
... ..


You could see the friendly Shunnar the ancestor, an orc wizard, a shadow imp, 2
orcs and a friendly hound.

Vanquished Creatures
  A phantom (D:4)
  A scorpion (D:5)
  A howler monkey (D:4)
  A hound (D:4)
  An orc priest (D:4)
  A worker ant (D:5)
  2 adders (D:5)
  A gnoll (D:4)
  An ooze (D:1)
  An adder skeleton (D:3)
  A worm (D:2)
  2 dart slugs (D:1)
  4 leopard geckos
  3 orcs
  A giant cockroach (D:3)
  4 goblins
  6 hobgoblins
  A jackal (D:3)
  A quokka (D:2)
  A ball python (D:3)
  4 frilled lizards
  4 kobolds
  2 rats (D:1)
45 creatures vanquished.

Vanquished Creatures (collateral kills)
  A centaur (D:5)
  A scorpion (D:5)
  A howler monkey (D:4)
  A centaur skeleton (D:5)
  An orc priest (D:4)
  2 orc wizards (D:4)
  2 bullfrog skeletons (D:4)
  Natasha (thrice) (D:2)
  2 worker ants (D:4)
  6 gnolls (D:4)
  6 adders
  2 worms (D:2)
  2 dart slugs
  A leopard gecko (D:3)
  7 orcs
  A goblin (D:2)
  4 hobgoblins
  2 jackals (D:3)
  2 quokkas
  2 frilled lizards
  2 kobolds
51 creatures vanquished.

Grand Total: 96 creatures vanquished

Notes
Turn   | Place    | Note
-------+----------+-------------------------------------------
     0 | D:1      | CrazyJ the Draconian Summoner began the quest for the Orb.
     0 | D:1      | Reached XP level 1. HP: 14/14 MP: 3/3
   527 | D:1      | Reached XP level 2. HP: 5/20 MP: 5/5
   839 | D:1      | Learned a level 2 spell: Call Imp
  2350 | D:2      | Reached XP level 3. HP: 23/27 MP: 3/6
  2442 | D:2      | Noticed Natasha
  2456 | D:2      | Killed Natasha
  2456 | D:2      | Reached skill level 1 in Fighting
  2763 | D:2      | Learned a level 3 spell: Call Canine Familiar
  3016 | D:2      | Noticed Natasha
  3020 | D:2      | Killed Natasha
  3020 | D:2      | Reached XP level 4. HP: 35/35 MP: 2/7
  3113 | D:2      | Noticed Natasha
  3121 | D:2      | Killed Natasha
  3593 | D:3      | Reached skill level 5 in Summonings
  3630 | D:3      | Reached skill level 1 in Shields
  4367 | D:4      | Reached XP level 5. HP: 19/41 MP: 2/8
  4690 | D:4      | Identified the cursed +0 leather armour "Xag Xim" {rF+ rC+
                  | Str+4}
  5054 | D:4      | Reached XP level 6. HP: 44/49 MP: 6/10
  5059 | D:4      | Learned a level 3 spell: Summon Guardian Golem
  5526 | D:4      | Found an iron altar of Okawaru.
  5684 | D:4      | Reached skill level 1 in Hexes
  5738 | D:5      | Entered Level 5 of the Dungeon
  5944 | D:5      | Reached skill level 6 in Summonings
  5944 | D:5      | Your scales start taking on a golden yellow colour.
  5944 | D:5      | Reached XP level 7. HP: 18/56 MP: 2/11
  5944 | D:5      | Gained mutation: You are resistant to acid. (rCorr) [Yellow
                  | Draconian growth]
  6340 | D:5      | Found a staircase to the Ecumenical Temple.
  6347 | Temple   | Entered the Ecumenical Temple
  6392 | Temple   | Became a worshipper of Hepliaklqana the Forgotten
  6439 | D:5      | Found a runed translucent gate.
  6439 | D:5      | Found a runed translucent gate.
  6439 | D:5      | Found a runed translucent gate.
  6444 | D:5      | Noticed cstieg1's ghost (amateur HOFi)
  6444 | D:5      | Noticed MollyMolluskus's ghost (novice OpFi)
  6482 | D:5      | Mangled by an orc wizard

Skill      XL: |  1  2  3  4  5  6  7 |
---------------+----------------------+-----
Dodging        | 2 3 |  3.2
Fighting       | 1 2 3 |  3.0
Summonings     | 5 6 |  6.1
Shields        | 1 2 |  2.4
Spellcasting   | 3 |  3.2
Hexes          | 1 |  1.3
Stealth        | |  1.8

Action                   |  1- 3 |  4- 6 |  7- 9 || total
-------------------------+-------+-------+-------++-------
Melee: Unarmed           |    66 |       |       ||    66
       Tailslap          |    10 |    15 |     2 ||    27
       Club              |    69 |   117 |       ||   186
       Spear             |       |    43 |    25 ||    68
 Cast: Summon Small Mamm |     4 |     3 |       ||     7
       Call Imp          |    15 |    25 |     2 ||    42
       Call Canine Famil |       |    20 |     4 ||    24
  Use: Scroll            |       |     3 |     1 ||     4
       Potion            |       |     2 |     1 ||     3
 Stab: Sleeping          |     1 |       |       ||     1
       Distracted        |       |     1 |       ||     1
  Eat: Chunk             |     8 |    10 |     3 ||    21
       Ration            |       |     1 |       ||     1
Armor: Skin              |    34 |    69 |     9 ||   112
Dodge: Dodged            |    74 |   139 |    19 ||   232
